 Dungeon Crawl Stone Soup version 0.32-a0-576-g706899e69d (webtiles) character file.

Game seed: 10609438019827507064

179 Dittersdorf the Shield-Bearer (level 5, 0/34 HPs)
             Began as a Gargoyle Fighter on Mar 1, 2024.
             Frozen to death by an endoplasm (2 damage)
             ... on level 3 of the Dungeon.
             The game lasted 00:01:35 (2175 turns).

Dittersdorf the Shield-Bearer (Gargoyle Fighter)    Turns: 2175, Time: 00:01:36

Health: 0/34       AC: 14    Str: 21    XL:     5   Next: 59%
Magic:  5/5        EV:  8    Int:  9    God:
Gold:   156        SH:  4    Dex:  9    Spells: 4/4 levels left

rFire   . . .        a - +0 flail
rCold   + . .        c - +0 buckler
rNeg    + . .        k - +0 chain mail
rPois   ∞            l - +0 helmet
rElec   +            (no cloak)
rCorr   .            (no gloves)
SInv    .            (no boots)
Will    .....        (no amulet) Stlth
                     j - ring of wizardry
HPRegen 0.25/turn    p - ring of protection from cold
MPRegen 0.09/turn

%: wizardry (x1)
@: no status effects
A: sickness immunity, AC +4, negative energy resistance 1, electricity
resistance, torment resistance 1, petrification resistance
a: no special abilities


You were on level 3 of the Dungeon.
You visited 1 branch of the dungeon, and saw 4 of its levels.

You collected 156 gold pieces.

Inventory:

Hand Weapons
 a - a +0 flail (weapon)
Armour
 c - a +0 buckler (worn)
 k - a +0 chain mail (worn)
 l - a +0 helmet (worn)
Jewellery
 j - a ring of wizardry (left hand)
 p - a ring of protection from cold (right hand)
Scrolls
 b - 2 scrolls of vulnerability {unknown}
 e - a scroll of silence {unknown}
 h - 4 scrolls of identify {unknown}
 m - a scroll of enchant armour {unknown}
 n - a scroll of fog {unknown}
 o - 3 scrolls of fear {unknown}
 q - a scroll of amnesia {unknown}
 r - a scroll of blinking {unknown}
 s - 2 scrolls of noise {unknown}
Potions
 d - 2 potions of might
 f - a potion of ambrosia {unknown}
 g - 2 potions of haste {unknown}
 i - a potion of attraction {unknown}


   Skills:
 + Level 4.3 Fighting
 + Level 3.2 Maces & Flails
 + Level 4.3 Armour
 + Level 4.4 Shields


You had 4 spell levels left.
You didn't know any spells.
Your spell library contained the following spells:

 Spells                   Type           Power      Damage    Failure   Level
 Tukima's Dance           Hex            0%         N/A       98%         3
 Dimensional Bullseye     Hex/Tloc       0%         N/A       100%        4
 Iskenderun's Mystic Bla  Conj/Tloc      0%         2d3       100%        4


Dungeon Overview and Level Annotations

Branches:
Dungeon (4/15)
 Temple: D:4-7

Altars:


Innate Abilities, Weirdness & Mutations

You are immune to sickness and miasma.
Your stone body is resilient. (AC +4)
You are immune to poison.
You resist negative energy. (rN+)
You are resistant to electric shocks. (rElec)
You are resistant to unholy torment.
You are immune to petrification.


Message History

You are frozen.
You resist.
* * * LOW HITPOINT WARNING * * *
The hobgoblin closely misses you.
You barely miss the hobgoblin. The scorpion misses you.
The endoplasm completely misses you. The hobgoblin barely misses you.
The scorpion stings you but does no damage.
The endoplasm closely misses you.
You barely miss the hobgoblin.
The hobgoblin hits you but does no damage.
You block the scorpion's attack. The endoplasm freezes you.
You are frozen.
You resist.
* * * LOW HITPOINT WARNING * * *
The hobgoblin hits you but does no damage.
The scorpion stings you but does no damage.
You hit the hobgoblin.
The hobgoblin is heavily wounded.
The endoplasm barely misses you. The scorpion barely misses you.
You block the hobgoblin's attack.
You barely miss the hobgoblin.
The hobgoblin is heavily wounded.
The scorpion stings you but does no damage.
The endoplasm freezes you.
You are frozen.
You resist.
* * * LOW HITPOINT WARNING * * *
You block the hobgoblin's attack. The scorpion stings you.
* * * LOW HITPOINT WARNING * * *
You hit the hobgoblin.
You kill the hobgoblin!
The endoplasm freezes you.
You are frozen.
You resist.
* * * LOW HITPOINT WARNING * * *
The scorpion misses you. The endoplasm freezes you.
You are frozen.
You resist.
* * * LOW HITPOINT WARNING * * *
The scorpion attacks as it pursues you! You block the scorpion's attack.
The endoplasm freezes you.
You are frozen.
You resist.
You die...

# # ####### # #.....# #
#.....# ############# #
#.....# #...........# #
#>....# #.########.##
###.....#####.########.#
'''...........os@....#.#
.........####.#J####.#.#
.........# #.#.# #.#.#
.........# #.#.# #.#.#
.........####+#'## #.#.#
.........#....[..# #.#.#
.........#.......###.#.#
.........#.......'...#.#
.........#.......#####.#


You could see a scorpion, an orc and an endoplasm.

Vanquished Creatures
  A scorpion (D:2)
  Terence (D:3)
  5 adders
  2 dart slugs (D:2)
  4 endoplasms
  A giant cockroach (D:2)
  A goblin (D:1)
  6 hobgoblins
  3 jackals (D:1)
  3 quokkas (D:2)
  3 ball pythons (D:1)
  4 bats
  5 frilled lizards
  5 kobolds
  3 rats
47 creatures vanquished.

Notes
Turn   | Place    | Note
-------+----------+-------------------------------------------
     0 | D:1      | Dittersdorf the Gargoyle Fighter began the quest for the
                  | Orb.
     0 | D:1      | Reached XP level 1. HP: 14/14 MP: 1/1
   192 | D:1      | Reached XP level 2. HP: 19/19 MP: 2/2
   770 | D:2      | Reached XP level 3. HP: 19/23 MP: 3/3
   815 | D:2      | Noticed a scorpion
   827 | D:2      | Killed a scorpion
   828 | D:2      | Reached XP level 4. HP: 27/29 MP: 4/4
  1156 | D:2      | Reached XP level 5. HP: 31/33 MP: 5/5
  1658 | D:3      | Noticed Terence
  1663 | D:3      | Killed Terence
  2175 | D:3      | Frozen to death by an endoplasm

Illustrated notes

Levels and vault maps discovered:
D:1:      dpeg_arrival_erosion, layout_loops_ring
D:2:      layout_basic
D:3:      layout_basic, uniq_terence
D:4:      layout_cave_pools, pdpol_temple_overflow_zin_treasury_gozag_greed,
          old_standard_altar, serial_shops, shop_fountains,
          nicolae_houndstooth_variations, uniq_blork_the_orc

Skill      XL: |  1  2  3  4 |
---------------+-------------+-----
Fighting       | 4 |  4.3
Armour         | 4 |  4.3
Shields        | 4 |  4.4
Maces & Flails | 3 |  3.2

Action                     |  1- 3 |  4- 6 || total
---------------------------+-------+-------++-------
  Melee: Flail             |    54 |   124 ||   178
 Armour: Scale mail        |    25 |       ||    25
         Chain mail        |    22 |   110 ||   132
  Dodge: Dodged            |    18 |    64 ||    82
  Block: Buckler           |    17 |    34 ||    51

Table legend: (Time is in decaauts)
 A = Elapsed time spent in this place.
 B = Non-inter-level travel time spent in this place.
 C = Inter-level travel time spent in this place.
 D = Time resting spent in this place.
 E = Time spent auto-exploring this place.
 F = Levels seen in this place.
 G = Mean time per level.
                   A        B        C        D        E       F      G
               +--------+--------+--------+--------+--------+-----+--------+
         Total |   2225 |   2043 |    182 |     23 |   1596 |   4 |  556.2 |
       Dungeon |   2225 |   2043 |    182 |     23 |   1596 |   4 |  556.2 |
               +--------+--------+--------+--------+--------+-----+--------+

Top non-repeatable levels by time:
     D:1: 765 daAuts
     D:3: 733 daAuts
     D:2: 713 daAuts
     D:4: 13 daAuts
